Login

Florida Panthers vs Toronto Maple Leafs

Created - April 27, 2024 at 23:22

Goals
1 2 3 T
Florida Panthers 2 0 1 3
Toronto Maple Leafs 2 2 1 5
Shots
1 2 3 T
Florida Panthers 11 9 6 26
Toronto Maple Leafs 10 14 16 40

GoalsPenalties
1st period
1. Toronto Maple Leafs , Danton Heinen 1 (Adam Larsson 3, Alex Pietrangelo 1) at 10:40
2. Toronto Maple Leafs , Brady Tkachuk 2 (Mats Zuccarello 1, Brayden Point 4) at 11:10
3. Florida Panthers , Andrei Kuzmenko 2 (Steven Stamkos 3, Reilly Smith 1) at 16:28 (PP)
4. Florida Panthers , Jean-Gabriel Pageau 1 (Brenden Dillon 3) at 16:46
William Carrier (FLA) for Roughing (Minor) at 8:14
Justin Schultz (TOR) for Tripping (Minor) at 15:12
2nd period
5. Toronto Maple Leafs , Paul Cotter 1 (Nicolas Deslauriers 1, Alex Pietrangelo 2) at 4:23
6. Toronto Maple Leafs , Nick Suzuki 1 (Barrett Hayton 2, Justin Schultz 3) at 12:16
Devon Toews (FLA) for Hooking (Minor) at 2:07
Paul Cotter (TOR) for Roughing (Minor) at 4:24
Brady Tkachuk (TOR) for Boarding (Minor) at 7:58
Jean-Gabriel Pageau (FLA) for Interference (Minor) at 15:02
3rd period
7. Florida Panthers , Tomas Hertl 1 (Erik Karlsson 1, Mika Zibanejad 1) at 8:31 (PP)
8. Toronto Maple Leafs , Danton Heinen 2 (Matt Benning 1, Justin Schultz 4) at 16:59
Brayden Point (TOR) for Roughing (Minor) at 4:09
Justin Schultz (TOR) for Interference (Minor) at 8:21
Mika Zibanejad (FLA) for Hooking (Minor) at 11:29
Mika Zibanejad (FLA) for Holding (Minor) at 14:29
Goalie Stats
Connor Hellebuyck (FLA), 35 saves from 40 shots - (0.875), L, 1-2-0, 60:00 minutes
Thatcher Demko (TOR), 23 saves from 26 shots - (0.885), W, 2-1-0, 60:00 minutes
3 StarsOfficial
1 - Danton Heinen (TOR)
2 - Matt Benning (TOR)
3 - Nick Suzuki (TOR)
Referees : Unknown
Linesman : Unknown
Game Note
No Game Note
Finance
Level 1 -- Attendance: 6000 (100.00%) -- Ticket Income $408,000
Level 2 -- Attendance: 5000 (100.00%) -- Ticket Income $275,000
Level 3 -- Attendance: 2000 (100.00%) -- Ticket Income $62,000
Level 4 -- Attendance: 4000 (100.00%) -- Ticket Income $88,000
Luxury Box -- Attendance: 1000 (100.00%) -- Ticket Income $135,000
Game was played at the Air Canada Center.
Total Attendance: 18000 (100.00%)
Total Ticket Income: $968,000
Total Income: $968,000



Team Name Goals Shots Shots Attemp Shots Blocked PIM HIT PP PK FO%
Florida Panthers 326511110242 / 5 (40%)057%
Toronto Maple Leafs 54072810130 / 5 (0%)243%

Florida Panthers
Player Name POS G A P +/- PIM HIT SHT SB MP PP MP PP SHT PK MP PK SHT FO% FOT
Adrian KempeLW/RW0000012120:084:0204:43150% 2
Andrei KuzmenkoLW/RW101-3012015:473:2110:0000% 0
Brenden DillonD0110020114:480:0004:5700% 0
Devon ToewsD000-3222320:591:0604:0400% 0
Erik KarlssonD011-1023121:034:0220:0000% 0
Evan BouchardD0000000214:480:0004:5700% 0
J.T. CompherC/LW/RW000100105:490:0000:0000% 0
Jean-Gabriel PageauC101120209:410:0003:53058% 12
Joel Eriksson EkC/LW000-2021118:060:0005:0200% 1
Jordan StaalC000-2032018:060:0005:02057% 30
Josh MorrisseyD000-3023020:053:2100:5400% 0
Mika ZibanejadC0110411015:234:0210:00054% 13
Reilly SmithLW/RW011-2011016:253:2100:0000% 2
Roman JosiD000-1011124:142:1514:5800% 0
Steven StamkosC/RW011-3021015:473:2100:00070% 27
Timo MeierLW/RW0000012115:254:0220:0000% 0
Tomas HertlC/LW/RW101-3012016:284:0210:00043% 7
William CarrierLW000122006:580:0001:10033% 3
Toronto Maple Leafs
Player Name POS G A P +/- PIM HIT SHT SB MP PP MP PP SHT PK MP PK SHT FO% FOT
Adam LarssonD0111010120:440:0003:4900% 0
Alex PietrangeloD0221001124:444:0003:4900% 0
Andrew MangiapaneLW/RW0000000016:014:3400:0000% 0
Barrett HaytonC/LW/RW0111003121:344:3415:09035% 17
Blake ColemanC/LW/RW0000011013:440:0302:14033% 21
Brady TkachukLW1011236018:595:1830:000100% 1
Brayden PointC/RW0111207020:515:1821:52052% 29
Danton HeinenC/LW/RW202200506:250:0300:4000% 1
Justin SchultzD0223402016:194:3310:0000% 0
Mathieu JosephLW/RW0000013016:210:0304:51050% 2
Mats ZuccarelloLW/RW0111004019:015:1920:0000% 1
Matt BenningD0113030116:231:0103:3400% 0
Nick SuzukiC/RW1011024017:095:1800:00044% 16
Nicolas DeslauriersLW011200005:420:0000:0000% 0
Noah DobsonD0000001118:564:5700:0000% 0
Paul CotterC/LW101220105:410:0000:00063% 8
Rickard RakellLW0001022016:254:3410:0000% 1
Ryan McDonaghD0000000317:330:0003:3400% 0

Florida Panthers

5 vs 5 Forward
Line #Left WingCenterRight WingPHYDFOFWanted %Time %Time Play
1Timo MeierMika ZibanejadAdrian Kempe0323027%11:23
2Tomas HertlSteven StamkosAndrei Kuzmenko0143029%12:26
3Joel Eriksson EkJordan StaalReilly Smith0323031%13:04
4William CarrierJean-Gabriel PageauJ.T. Compher0321014%5:49
5 vs 5 Defense
Line #DefenseDefensePHYDFOFWanted %Time %Time Play
1Roman JosiErik Karlsson0324040%17:01
2Devon ToewsJosh Morrissey0324037%15:50
3Evan BouchardBrenden Dillon0412023%9:51
4Roman JosiErik Karlsson03200%0:00
Power Play Forward
Line #Left WingCenterRight WingPHYDFOFWanted %Time %Time Play
1Adrian KempeTomas HertlTimo Meier0056055%4:02
2Reilly SmithSteven StamkosAndrei Kuzmenko0054045%3:21
Power Play Defense
Line #DefenseDefensePHYDFOFWanted %Time %Time Play
1Mika ZibanejadErik Karlsson0056055%4:02
2Roman JosiJosh Morrissey0054045%3:21
Penalty Kill 4 Players Forward
Line #CenterWingPHYDFOFWanted %Time %Time Play
1Jordan StaalJoel Eriksson Ek0505051%5:02
2Jean-Gabriel PageauAdrian Kempe0505049%4:53
Penalty Kill 4 Players Defense
Line #DefenseDefensePHYDFOFWanted %Time %Time Play
1Devon ToewsRoman Josi0505050%4:58
2Evan BouchardBrenden Dillon0505050%4:57
Penalty Kill 3 Players
Line #WingPHYDFOFWanted %Time %Time PlayDefenseDefensePHYDFOFWanted %Time %Time Play
1Jordan Staal050500%0:00 Devon ToewsRoman Josi050500%0:00
2Jean-Gabriel Pageau050500%0:00 Evan BouchardBrenden Dillon050500%0:00
4 vs 4 Forward
Line #CenterWingPHYDFOFWanted %Time %Time Play
1Mika ZibanejadAdrian Kempe032500%0:00
2Steven StamkosTimo Meier032500%0:00
4 vs 4 Defense
Line #DefensePHYDFOFWanted %Time %Time Play
1Erik KarlssonRoman Josi032500%0:00
2Josh MorrisseyDevon Toews032500%0:00
Last Minutes Offensive
Left WingCenterRight WingDefenseDefense
Timo MeierMika ZibanejadAdrian KempeRoman JosiErik Karlsson
Last Minutes Defensive
Left WingCenterRight WingDefenseDefense
Joel Eriksson EkJordan StaalJean-Gabriel PageauDevon ToewsBrenden Dillon
Time
Total ForwardTotal DefenseLast Minutes OffensiveLast Minutes Defensive
60:00 60:00 0:000:00
Extra Forwards
Normal PowerPlayPenalty Kill
Jean-Gabriel Pageau, Jordan Staal, William CarrierJoel Eriksson Ek, Jean-Gabriel PageauWilliam Carrier
Extra Defensemen
Normal PowerPlayPenalty Kill
Devon Toews, Evan Bouchard, Brenden DillonDevon Toews, Josh MorrisseyErik Karlsson
Penalty Shots
Andrei Kuzmenko, Adrian Kempe, Joel Eriksson Ek, Steven Stamkos, Mika Zibanejad
Goalie
Connor Hellebuyck, Jaroslav Halak
Scratches
Seth Jarvis (Healthy), FLA Cap Hit (Suspend), Shane Pinto (Healthy)

Toronto Maple Leafs

5 vs 5 Forward
Line #Left WingCenterRight WingPHYDFOFWanted %Time %Time Play
1Brady TkachukBrayden PointMats Zuccarello1133532%13:42
2Rickard RakellNick SuzukiBarrett Hayton1223028%11:51
3Andrew MangiapaneBlake ColemanMathieu Joseph1222527%11:27
4Nicolas DeslauriersPaul CotterDanton Heinen2211013%5:42
5 vs 5 Defense
Line #DefenseDefensePHYDFOFWanted %Time %Time Play
1Adam LarssonAlex Pietrangelo1223536%15:32
2Ryan McDonaghNoah Dobson1223033%13:59
3Justin SchultzMatt Benning1222528%11:48
4Adam LarssonAlex Pietrangelo122103%1:23
Power Play Forward
Line #Left WingCenterRight WingPHYDFOFWanted %Time %Time Play
1Brady TkachukBrayden PointNick Suzuki0146054%5:21
2Rickard RakellBarrett HaytonAndrew Mangiapane0144046%4:34
Power Play Defense
Line #DefenseDefensePHYDFOFWanted %Time %Time Play
1Mats ZuccarelloNoah Dobson0236054%5:19
2Justin SchultzAlex Pietrangelo0234046%4:36
Penalty Kill 4 Players Forward
Line #CenterWingPHYDFOFWanted %Time %Time Play
1Barrett HaytonMathieu Joseph0416070%5:09
2Brayden PointBlake Coleman0414030%2:14
Penalty Kill 4 Players Defense
Line #DefenseDefensePHYDFOFWanted %Time %Time Play
1Adam LarssonAlex Pietrangelo0506052%3:49
2Ryan McDonaghMatt Benning0504048%3:34
Penalty Kill 3 Players
Line #WingPHYDFOFWanted %Time %Time PlayDefenseDefensePHYDFOFWanted %Time %Time Play
1Barrett Hayton050600%0:00 Matt BenningAdam Larsson050600%0:00
2Mathieu Joseph050400%0:00 Ryan McDonaghAlex Pietrangelo050400%0:00
4 vs 4 Forward
Line #CenterWingPHYDFOFWanted %Time %Time Play
1Brayden PointBrady Tkachuk122600%0:00
2Barrett HaytonMats Zuccarello122400%0:00
4 vs 4 Defense
Line #DefensePHYDFOFWanted %Time %Time Play
1Ryan McDonaghAlex Pietrangelo122600%0:00
2Adam LarssonMatt Benning122400%0:00
Last Minutes Offensive
Left WingCenterRight WingDefenseDefense
Nick SuzukiBrayden PointMats ZuccarelloNoah DobsonAlex Pietrangelo
Last Minutes Defensive
Left WingCenterRight WingDefenseDefense
Blake ColemanBarrett HaytonMathieu JosephRyan McDonaghAlex Pietrangelo
Time
Total ForwardTotal DefenseLast Minutes OffensiveLast Minutes Defensive
60:00 60:00 0:000:00
Extra Forwards
Normal PowerPlayPenalty Kill
Barrett Hayton, Mats Zuccarello, Blake ColemanMathieu Joseph, Andrew MangiapaneBrayden Point
Extra Defensemen
Normal PowerPlayPenalty Kill
Alex Pietrangelo, Matt Benning, Noah DobsonAlex Pietrangelo, Noah DobsonAlex Pietrangelo
Penalty Shots
Brayden Point, Blake Coleman, Mats Zuccarello, Brady Tkachuk, Nick Suzuki
Goalie
Thatcher Demko, Elvis Merzlikins
Scratches
TOR Cap Hit (Suspend)


Play-by-Play

1st period


0:01 of 1st period - Mika Zibanejad wins face-off versus Brayden Point in neutral zone.
0:28 of 1st period - Shot by Mats Zuccarello.
0:28 of 1st period - Stopped by Connor Hellebuyck without a rebound.
0:29 of 1st period - Steven Stamkos wins face-off versus Nick Suzuki in Florida Panthers zone.
0:54 of 1st period - Nick Suzuki is hit by Josh Morrissey and loses puck.
1:11 of 1st period - Noah Dobson is hit by Steven Stamkos and loses puck.
1:19 of 1st period - Icing by Ryan McDonagh.
1:20 of 1st period - Jordan Staal wins face-off versus Nick Suzuki in Toronto Maple Leafs zone.
1:23 of 1st period - Shot by Joel Eriksson Ek.
1:23 of 1st period - Stopped by Thatcher Demko without a rebound.
1:24 of 1st period - Blake Coleman wins face-off versus Jordan Staal in Toronto Maple Leafs zone.
1:53 of 1st period - Matt Benning is hit by Jordan Staal.
1:54 of 1st period - Icing by Matt Benning.
1:55 of 1st period - Jean-Gabriel Pageau wins face-off versus Blake Coleman in Toronto Maple Leafs zone.
2:18 of 1st period - Off-side.
2:19 of 1st period - Brayden Point wins face-off versus Mika Zibanejad in neutral zone.
2:32 of 1st period - Shot by Mats Zuccarello.
2:32 of 1st period - Shot Blocked by Devon Toews.
2:34 of 1st period - Shot by Alex Pietrangelo.
2:34 of 1st period - Stopped by Connor Hellebuyck with a rebound.
3:28 of 1st period - Paul Cotter is hit by Mika Zibanejad and loses puck.
3:34 of 1st period - Icing by Noah Dobson.
3:35 of 1st period - Jordan Staal wins face-off versus Paul Cotter in Toronto Maple Leafs zone.
3:49 of 1st period - Noah Dobson is hit by Jordan Staal and loses puck.
4:32 of 1st period - Steven Stamkos is hit by Matt Benning and loses puck.
5:00 of 1st period - Shot by Steven Stamkos.
5:00 of 1st period - Stopped by Thatcher Demko with a rebound.
5:02 of 1st period - Shot by Tomas Hertl.
5:02 of 1st period - Shot Misses the Net.
5:22 of 1st period - Shot by Josh Morrissey.
5:22 of 1st period - Stopped by Thatcher Demko with a rebound.
5:30 of 1st period - Shot by Jean-Gabriel Pageau.
5:30 of 1st period - Stopped by Thatcher Demko with a rebound.
6:39 of 1st period - Shot by Brady Tkachuk.
6:39 of 1st period - Shot Blocked by Timo Meier.
6:47 of 1st period - Shot by Brayden Point.
6:47 of 1st period - Stopped by Connor Hellebuyck without a rebound.
6:48 of 1st period - Jordan Staal wins face-off versus Blake Coleman in Florida Panthers zone.
7:16 of 1st period - Shot by Joel Eriksson Ek.
7:16 of 1st period - Deflect By Jordan Staal.
7:16 of 1st period - Shot Blocked by Ryan McDonagh.
7:21 of 1st period - Icing by Noah Dobson.
7:22 of 1st period - Steven Stamkos wins face-off versus Blake Coleman in Toronto Maple Leafs zone.
7:33 of 1st period - Shot by Andrei Kuzmenko.
7:33 of 1st period - Deflect By Steven Stamkos.
7:33 of 1st period - Shot Misses the Net.
7:35 of 1st period - Shot by Tomas Hertl.
7:35 of 1st period - Stopped by Thatcher Demko without a rebound.
7:36 of 1st period - Brayden Point wins face-off versus Jean-Gabriel Pageau in Toronto Maple Leafs zone.
8:14 of 1st period - Minor Penalty to William Carrier for Roughing.
8:15 of 1st period - Jordan Staal wins face-off versus Brayden Point in Florida Panthers zone.
8:23 of 1st period - Shot by Nick Suzuki.
8:23 of 1st period - Shot Blocked by Evan Bouchard.
8:25 of 1st period - Shot by Nick Suzuki.
8:25 of 1st period - Deflect By Brady Tkachuk.
8:25 of 1st period - Stopped by Connor Hellebuyck without a rebound.
8:26 of 1st period - Jordan Staal wins face-off versus Barrett Hayton in Florida Panthers zone.
8:35 of 1st period - Shot by Noah Dobson.
8:35 of 1st period - Shot Blocked by Devon Toews.
8:37 of 1st period - Shot by Barrett Hayton.
8:37 of 1st period - Stopped by Connor Hellebuyck without a rebound.
8:38 of 1st period - Brayden Point wins face-off versus Jordan Staal in Florida Panthers zone.
8:39 of 1st period - Shot by Alex Pietrangelo.
8:39 of 1st period - Shot Misses the Net.
9:52 of 1st period - Shot by Mats Zuccarello.
9:52 of 1st period - Shot Misses the Net.
10:35 of 1st period - Adam Larsson is hit by Josh Morrissey and loses puck.
10:40 of 1st period - Shot by Danton Heinen.
10:40 of 1st period - Goal by Danton Heinen - Florida Panthers : 0 - Toronto Maple Leafs : 1.
10:41 of 1st period - Blake Coleman wins face-off versus Mika Zibanejad in neutral zone.
10:58 of 1st period - Shot by Mathieu Joseph.
10:58 of 1st period - Stopped by Connor Hellebuyck without a rebound.
10:59 of 1st period - Brayden Point wins face-off versus Jordan Staal in Florida Panthers zone.
11:10 of 1st period - Shot by Brady Tkachuk.
11:10 of 1st period - Goal by Brady Tkachuk - Florida Panthers : 0 - Toronto Maple Leafs : 2.
11:11 of 1st period - Paul Cotter wins face-off versus Steven Stamkos in neutral zone.
11:27 of 1st period - Icing by Roman Josi.
11:28 of 1st period - Steven Stamkos wins face-off versus Brayden Point in Florida Panthers zone.
11:38 of 1st period - Icing by Roman Josi.
11:39 of 1st period - Blake Coleman wins face-off versus Steven Stamkos in Florida Panthers zone.
11:51 of 1st period - Icing by Tomas Hertl.
11:52 of 1st period - Steven Stamkos wins face-off versus Brayden Point in Florida Panthers zone.
11:52 of 1st period - Steven Stamkos is hit by Brady Tkachuk.
12:35 of 1st period - Shot by Brayden Point.
12:35 of 1st period - Stopped by Connor Hellebuyck with a rebound.
13:36 of 1st period - Icing by Justin Schultz.
13:37 of 1st period - Jean-Gabriel Pageau wins face-off versus Nick Suzuki in Toronto Maple Leafs zone.
13:55 of 1st period - Off-side.
13:56 of 1st period - Brayden Point wins face-off versus Adrian Kempe in neutral zone.
14:09 of 1st period - Shot by Mats Zuccarello.
14:09 of 1st period - Shot Misses the Net.
14:28 of 1st period - Off-side.
14:29 of 1st period - Nick Suzuki wins face-off versus Joel Eriksson Ek in neutral zone.
14:54 of 1st period - Shot by Joel Eriksson Ek.
14:54 of 1st period - Deflect By Jordan Staal.
14:54 of 1st period - Stopped by Thatcher Demko without a rebound.
14:55 of 1st period - Steven Stamkos wins face-off versus Blake Coleman in Toronto Maple Leafs zone.
14:55 of 1st period - Tomas Hertl is hit by Matt Benning and loses puck.
15:12 of 1st period - Minor Penalty to Justin Schultz for Tripping.
15:13 of 1st period - Barrett Hayton wins face-off versus Tomas Hertl in Toronto Maple Leafs zone.
15:26 of 1st period - Shot by Mika Zibanejad.
15:26 of 1st period - Shot Misses the Net.
16:28 of 1st period - Shot by Steven Stamkos.
16:28 of 1st period - Deflect By Andrei Kuzmenko.
16:28 of 1st period - Goal by Andrei Kuzmenko - Florida Panthers : 1 - Toronto Maple Leafs : 2.
16:29 of 1st period - Paul Cotter wins face-off versus William Carrier in neutral zone.
16:46 of 1st period - Shot by Jean-Gabriel Pageau.
16:46 of 1st period - Goal by Jean-Gabriel Pageau - Florida Panthers : 2 - Toronto Maple Leafs : 2.
16:47 of 1st period - Jordan Staal wins face-off versus Brayden Point in neutral zone.
16:53 of 1st period - Off-side.
16:54 of 1st period - Mika Zibanejad wins face-off versus Blake Coleman in neutral zone.
17:34 of 1st period - Shot by Mika Zibanejad.
17:34 of 1st period - Shot Blocked by Ryan McDonagh.
17:36 of 1st period - Shot by Josh Morrissey.
17:36 of 1st period - Stopped by Thatcher Demko without a rebound.
17:37 of 1st period - Brayden Point wins face-off versus Jordan Staal in Toronto Maple Leafs zone.
17:37 of 1st period - Alex Pietrangelo is hit by Jordan Staal and loses puck.
17:53 of 1st period - Mats Zuccarello is hit by Erik Karlsson and loses puck.
18:07 of 1st period - Icing by Roman Josi.
18:08 of 1st period - Jordan Staal wins face-off versus Nick Suzuki in Florida Panthers zone.
18:13 of 1st period - Barrett Hayton is hit by Joel Eriksson Ek and loses puck.
18:25 of 1st period - Icing by Erik Karlsson.
18:26 of 1st period - Jordan Staal wins face-off versus Mathieu Joseph in Florida Panthers zone.
18:26 of 1st period - Jordan Staal is hit by Blake Coleman.
18:35 of 1st period - Icing by Adam Larsson.
18:36 of 1st period - Steven Stamkos wins face-off versus Blake Coleman in Toronto Maple Leafs zone.
18:41 of 1st period - Shot by Steven Stamkos.
18:41 of 1st period - Shot Misses the Net.
18:43 of 1st period - Shot by Josh Morrissey.
18:43 of 1st period - Deflect By Andrei Kuzmenko.
18:43 of 1st period - Stopped by Thatcher Demko with a rebound.
18:45 of 1st period - Shot by Josh Morrissey.
18:45 of 1st period - Stopped by Thatcher Demko without a rebound.
18:46 of 1st period - Mika Zibanejad wins face-off versus Brayden Point in Toronto Maple Leafs zone.
19:04 of 1st period - Shot by Brayden Point.
19:04 of 1st period - Stopped by Connor Hellebuyck without a rebound.
19:05 of 1st period - Steven Stamkos wins face-off versus Nick Suzuki in Florida Panthers zone.
19:05 of 1st period - Steven Stamkos is hit by Nick Suzuki.
19:45 of 1st period - Shot by Andrei Kuzmenko.
19:45 of 1st period - Deflect By Steven Stamkos.
19:45 of 1st period - Shot Misses the Net.
19:49 of 1st period - Shot by Steven Stamkos.
19:49 of 1st period - Shot Misses the Net.
Goals for this period are 2 for Florida Panthers vs 2 for Toronto Maple Leafs.
Shots for this period are 11 for Florida Panthers vs 10 for Toronto Maple Leafs.

2nd period


0:01 of 2nd period - Brayden Point wins face-off versus Jordan Staal in neutral zone.
0:22 of 2nd period - Shot by Jordan Staal.
0:22 of 2nd period - Stopped by Thatcher Demko without a rebound.
0:23 of 2nd period - Nick Suzuki wins face-off versus Steven Stamkos in Toronto Maple Leafs zone.
0:23 of 2nd period - Nick Suzuki is hit by Andrei Kuzmenko.
0:33 of 2nd period - Shot by Nick Suzuki.
0:33 of 2nd period - Stopped by Connor Hellebuyck with a rebound.
0:35 of 2nd period - Shot by Justin Schultz.
0:35 of 2nd period - Shot Misses the Net.
0:40 of 2nd period - Icing by Erik Karlsson.
0:41 of 2nd period - Steven Stamkos wins face-off versus Brayden Point in Florida Panthers zone.
1:20 of 2nd period - Icing by Roman Josi.
1:21 of 2nd period - Steven Stamkos wins face-off versus Blake Coleman in Florida Panthers zone.
1:26 of 2nd period - Shot by Roman Josi.
1:26 of 2nd period - Deflect By Tomas Hertl.
1:26 of 2nd period - Shot Blocked by Matt Benning.
2:07 of 2nd period - Minor Penalty to Devon Toews for Hooking.
2:08 of 2nd period - Brady Tkachuk wins face-off versus Jordan Staal in Florida Panthers zone.
2:41 of 2nd period - Shot by Noah Dobson.
2:41 of 2nd period - Shot Misses the Net.
2:43 of 2nd period - Shot by Mats Zuccarello.
2:43 of 2nd period - Shot Misses the Net.
2:45 of 2nd period - Shot by Brady Tkachuk.
2:45 of 2nd period - Stopped by Connor Hellebuyck with a rebound.
2:47 of 2nd period - Shot by Brayden Point.
2:47 of 2nd period - Stopped by Connor Hellebuyck without a rebound.
2:48 of 2nd period - Jordan Staal wins face-off versus Barrett Hayton in Florida Panthers zone.
3:11 of 2nd period - Shot by Rickard Rakell.
3:11 of 2nd period - Stopped by Connor Hellebuyck without a rebound.
3:12 of 2nd period - Brayden Point wins face-off versus Jean-Gabriel Pageau in Florida Panthers zone.
3:21 of 2nd period - Shot by Brayden Point.
3:21 of 2nd period - Deflect By Brady Tkachuk.
3:21 of 2nd period - Stopped by Connor Hellebuyck without a rebound.
3:22 of 2nd period - Barrett Hayton wins face-off versus Jordan Staal in Florida Panthers zone.
3:56 of 2nd period - Icing by Mats Zuccarello.
3:57 of 2nd period - Jean-Gabriel Pageau wins face-off versus Barrett Hayton in Toronto Maple Leafs zone.
4:15 of 2nd period - Icing by Devon Toews.
4:16 of 2nd period - Paul Cotter wins face-off versus Steven Stamkos in Florida Panthers zone.
4:23 of 2nd period - Shot by Nicolas Deslauriers.
4:23 of 2nd period - Deflect By Paul Cotter.
4:23 of 2nd period - Goal by Paul Cotter - Florida Panthers : 2 - Toronto Maple Leafs : 3.
4:24 of 2nd period - Jordan Staal wins face-off versus Paul Cotter in neutral zone.
4:24 of 2nd period - Minor Penalty to Paul Cotter for Roughing.
4:25 of 2nd period - Adrian Kempe wins face-off versus Barrett Hayton in Toronto Maple Leafs zone.
4:30 of 2nd period - Shot by Mika Zibanejad.
4:30 of 2nd period - Shot Hit the Post.
4:32 of 2nd period - Shot by Mika Zibanejad.
4:32 of 2nd period - Stopped by Thatcher Demko without a rebound.
4:33 of 2nd period - Tomas Hertl wins face-off versus Barrett Hayton in Toronto Maple Leafs zone.
4:56 of 2nd period - Ryan McDonagh is hit by Tomas Hertl and loses puck.
6:14 of 2nd period - Icing by Erik Karlsson.
6:15 of 2nd period - Tomas Hertl wins face-off versus Barrett Hayton in Florida Panthers zone.
6:15 of 2nd period - Tomas Hertl is hit by Mathieu Joseph.
6:24 of 2nd period - Shot by Timo Meier.
6:24 of 2nd period - Shot Misses the Net.
6:26 of 2nd period - Shot by J.T. Compher.
6:26 of 2nd period - Stopped by Thatcher Demko without a rebound.
6:27 of 2nd period - Jean-Gabriel Pageau wins face-off versus Paul Cotter in Toronto Maple Leafs zone.
6:44 of 2nd period - Shot by Danton Heinen.
6:44 of 2nd period - Shot Blocked by Evan Bouchard.
7:58 of 2nd period - Minor Penalty to Brady Tkachuk for Boarding.
7:59 of 2nd period - Barrett Hayton wins face-off versus Tomas Hertl in Toronto Maple Leafs zone.
8:08 of 2nd period - Shot by Erik Karlsson.
8:08 of 2nd period - Shot Misses the Net.
8:10 of 2nd period - Shot by Erik Karlsson.
8:10 of 2nd period - Stopped by Thatcher Demko with a rebound.
8:12 of 2nd period - Shot by Timo Meier.
8:12 of 2nd period - Stopped by Thatcher Demko without a rebound.
8:13 of 2nd period - Barrett Hayton wins face-off versus Tomas Hertl in Toronto Maple Leafs zone.
8:26 of 2nd period - Shot by Tomas Hertl.
8:26 of 2nd period - Shot Blocked by Adam Larsson.
8:28 of 2nd period - Shot by Timo Meier.
8:28 of 2nd period - Stopped by Thatcher Demko without a rebound.
8:29 of 2nd period - Steven Stamkos wins face-off versus Barrett Hayton in Toronto Maple Leafs zone.
8:39 of 2nd period - Icing by Roman Josi.
8:40 of 2nd period - Steven Stamkos wins face-off versus Barrett Hayton in Florida Panthers zone.
8:53 of 2nd period - Shot by Reilly Smith.
8:53 of 2nd period - Shot Blocked by Barrett Hayton.
9:03 of 2nd period - Shot by Andrei Kuzmenko.
9:03 of 2nd period - Shot Blocked by Ryan McDonagh.
9:05 of 2nd period - Shot by Roman Josi.
9:05 of 2nd period - Stopped by Thatcher Demko with a rebound.
9:21 of 2nd period - Shot by Reilly Smith.
9:21 of 2nd period - Shot Misses the Net.
9:37 of 2nd period - Alex Pietrangelo is hit by Adrian Kempe and loses puck.
10:07 of 2nd period - Shot by Paul Cotter.
10:07 of 2nd period - Shot Misses the Net.
10:14 of 2nd period - Danton Heinen is hit by Brenden Dillon and loses puck.
10:41 of 2nd period - Nicolas Deslauriers is hit by William Carrier and loses puck.
10:49 of 2nd period - Off-side.
10:50 of 2nd period - Mika Zibanejad wins face-off versus Brayden Point in neutral zone.
10:57 of 2nd period - Shot by Adrian Kempe.
10:57 of 2nd period - Shot Misses the Net.
10:59 of 2nd period - Shot by Adrian Kempe.
10:59 of 2nd period - Stopped by Thatcher Demko with a rebound.
12:00 of 2nd period - Icing by Justin Schultz.
12:01 of 2nd period - Nick Suzuki wins face-off versus Jordan Staal in Toronto Maple Leafs zone.
12:14 of 2nd period - Shot by Barrett Hayton.
12:14 of 2nd period - Stopped by Connor Hellebuyck with a rebound.
12:16 of 2nd period - Shot by Nick Suzuki.
12:16 of 2nd period - Goal by Nick Suzuki - Florida Panthers : 2 - Toronto Maple Leafs : 4.
12:17 of 2nd period - Steven Stamkos wins face-off versus Blake Coleman in neutral zone.
12:29 of 2nd period - Icing by Brenden Dillon.
12:30 of 2nd period - Brayden Point wins face-off versus Tomas Hertl in Florida Panthers zone.
12:55 of 2nd period - Shot by Brayden Point.
12:55 of 2nd period - Shot Hit the Post.
13:14 of 2nd period - Andrei Kuzmenko is hit by Adam Larsson and loses puck.
13:41 of 2nd period - Shot by Joel Eriksson Ek.
13:41 of 2nd period - Shot Blocked by Alex Pietrangelo.
14:12 of 2nd period - Ryan McDonagh is hit by Reilly Smith and loses puck.
14:43 of 2nd period - Shot by Adrian Kempe.
14:43 of 2nd period - Shot Misses the Net.
14:45 of 2nd period - Shot by Devon Toews.
14:45 of 2nd period - Stopped by Thatcher Demko without a rebound.
14:46 of 2nd period - Mathieu Joseph wins face-off versus Jean-Gabriel Pageau in Toronto Maple Leafs zone.
14:46 of 2nd period - Mathieu Joseph is hit by William Carrier.
15:02 of 2nd period - Minor Penalty to Jean-Gabriel Pageau for Interference.
15:03 of 2nd period - Barrett Hayton wins face-off versus William Carrier in Florida Panthers zone.
15:14 of 2nd period - Icing by Matt Benning.
15:15 of 2nd period - William Carrier wins face-off versus Barrett Hayton in Toronto Maple Leafs zone.
15:38 of 2nd period - Shot by Justin Schultz.
15:38 of 2nd period - Stopped by Connor Hellebuyck without a rebound.
15:39 of 2nd period - Jordan Staal wins face-off versus Brayden Point in Florida Panthers zone.
15:45 of 2nd period - Icing by Mats Zuccarello.
15:46 of 2nd period - Jordan Staal wins face-off versus Brayden Point in Toronto Maple Leafs zone.
16:11 of 2nd period - Shot by Brayden Point.
16:11 of 2nd period - Stopped by Connor Hellebuyck with a rebound.
17:15 of 2nd period - Shot by Danton Heinen.
17:15 of 2nd period - Shot Blocked by Devon Toews.
17:31 of 2nd period - Shot by Danton Heinen.
17:31 of 2nd period - Stopped by Connor Hellebuyck without a rebound.
17:32 of 2nd period - Mika Zibanejad wins face-off versus Blake Coleman in Florida Panthers zone.
18:00 of 2nd period - Shot by Mathieu Joseph.
18:00 of 2nd period - Stopped by Connor Hellebuyck without a rebound.
18:01 of 2nd period - Jordan Staal wins face-off versus Nick Suzuki in Florida Panthers zone.
18:14 of 2nd period - Shot by Rickard Rakell.
18:14 of 2nd period - Stopped by Connor Hellebuyck with a rebound.
18:22 of 2nd period - Justin Schultz is hit by Joel Eriksson Ek and loses puck.
18:35 of 2nd period - Shot by Rickard Rakell.
18:35 of 2nd period - Shot Misses the Net.
19:02 of 2nd period - Icing by Ryan McDonagh.
19:03 of 2nd period - Mika Zibanejad wins face-off versus Mats Zuccarello in Toronto Maple Leafs zone.
19:11 of 2nd period - Mats Zuccarello is hit by Devon Toews.
19:17 of 2nd period - Shot by Brady Tkachuk.
19:17 of 2nd period - Shot Misses the Net.
19:19 of 2nd period - Shot by Brady Tkachuk.
19:19 of 2nd period - Stopped by Connor Hellebuyck without a rebound.
19:20 of 2nd period - Steven Stamkos wins face-off versus Blake Coleman in Florida Panthers zone.
Goals for this period are 0 for Florida Panthers vs 2 for Toronto Maple Leafs.
Shots for this period are 9 for Florida Panthers vs 14 for Toronto Maple Leafs.

3rd period


0:01 of 3rd period - Nick Suzuki wins face-off versus Mika Zibanejad in neutral zone.
0:31 of 3rd period - Icing by Devon Toews.
0:32 of 3rd period - Brayden Point wins face-off versus Mika Zibanejad in Florida Panthers zone.
0:35 of 3rd period - Shot by Brady Tkachuk.
0:35 of 3rd period - Shot Misses the Net.
0:37 of 3rd period - Shot by Noah Dobson.
0:37 of 3rd period - Shot Blocked by Adrian Kempe.
0:47 of 3rd period - Shot by Mats Zuccarello.
0:47 of 3rd period - Stopped by Connor Hellebuyck with a rebound.
0:49 of 3rd period - Shot by Noah Dobson.
0:49 of 3rd period - Stopped by Connor Hellebuyck without a rebound.
0:50 of 3rd period - Blake Coleman wins face-off versus Reilly Smith in Florida Panthers zone.
0:55 of 3rd period - Shot by Andrew Mangiapane.
0:55 of 3rd period - Shot Blocked by Joel Eriksson Ek.
1:10 of 3rd period - Icing by Matt Benning.
1:11 of 3rd period - Steven Stamkos wins face-off versus Blake Coleman in Toronto Maple Leafs zone.
1:15 of 3rd period - Andrei Kuzmenko is hit by Matt Benning and loses puck.
1:45 of 3rd period - Icing by Brenden Dillon.
1:46 of 3rd period - Steven Stamkos wins face-off versus Rickard Rakell in Florida Panthers zone.
1:55 of 3rd period - Shot by Nick Suzuki.
1:55 of 3rd period - Stopped by Connor Hellebuyck without a rebound.
1:56 of 3rd period - Brayden Point wins face-off versus Jordan Staal in Florida Panthers zone.
2:15 of 3rd period - Shot by Brady Tkachuk.
2:15 of 3rd period - Shot Misses the Net.
2:17 of 3rd period - Shot by Ryan McDonagh.
2:17 of 3rd period - Shot Misses the Net.
2:19 of 3rd period - Shot by Ryan McDonagh.
2:19 of 3rd period - Shot Misses the Net.
2:21 of 3rd period - Shot by Brayden Point.
2:21 of 3rd period - Shot Misses the Net.
2:49 of 3rd period - Shot by Barrett Hayton.
2:49 of 3rd period - Stopped by Connor Hellebuyck without a rebound.
2:50 of 3rd period - Nick Suzuki wins face-off versus Mika Zibanejad in Florida Panthers zone.
2:53 of 3rd period - Shot by Nick Suzuki.
2:53 of 3rd period - Shot Misses the Net.
3:17 of 3rd period - Shot by Timo Meier.
3:17 of 3rd period - Shot Misses the Net.
3:25 of 3rd period - Shot by Roman Josi.
3:25 of 3rd period - Shot Misses the Net.
4:00 of 3rd period - Shot by Andrew Mangiapane.
4:00 of 3rd period - Shot Blocked by Roman Josi.
4:02 of 3rd period - Shot by Matt Benning.
4:02 of 3rd period - Shot Misses the Net.
4:04 of 3rd period - Shot by Justin Schultz.
4:04 of 3rd period - Stopped by Connor Hellebuyck without a rebound.
4:05 of 3rd period - Brayden Point wins face-off versus Steven Stamkos in Florida Panthers zone.
4:09 of 3rd period - Minor Penalty to Brayden Point for Roughing.
4:10 of 3rd period - Steven Stamkos wins face-off versus Barrett Hayton in Toronto Maple Leafs zone.
4:48 of 3rd period - Icing by Devon Toews.
4:49 of 3rd period - Steven Stamkos wins face-off versus Danton Heinen in Florida Panthers zone.
4:55 of 3rd period - Icing by Josh Morrissey.
4:56 of 3rd period - Steven Stamkos wins face-off versus Blake Coleman in Florida Panthers zone.
5:55 of 3rd period - Shot by Erik Karlsson.
5:55 of 3rd period - Stopped by Thatcher Demko with a rebound.
6:19 of 3rd period - Shot by Brayden Point.
6:19 of 3rd period - Stopped by Connor Hellebuyck without a rebound.
6:20 of 3rd period - Jean-Gabriel Pageau wins face-off versus Brayden Point in Florida Panthers zone.
7:29 of 3rd period - Shot by Reilly Smith.
7:29 of 3rd period - Shot Misses the Net.
7:31 of 3rd period - Shot by Joel Eriksson Ek.
7:31 of 3rd period - Deflect By Reilly Smith.
7:31 of 3rd period - Stopped by Thatcher Demko without a rebound.
7:32 of 3rd period - Paul Cotter wins face-off versus Steven Stamkos in Toronto Maple Leafs zone.
7:41 of 3rd period - Shot by Adam Larsson.
7:41 of 3rd period - Shot Blocked by Erik Karlsson.
7:43 of 3rd period - Shot by Danton Heinen.
7:43 of 3rd period - Stopped by Connor Hellebuyck with a rebound.
8:01 of 3rd period - Shot by Danton Heinen.
8:01 of 3rd period - Stopped by Connor Hellebuyck without a rebound.
8:02 of 3rd period - Jordan Staal wins face-off versus Nick Suzuki in Florida Panthers zone.
8:02 of 3rd period - Jordan Staal is hit by Rickard Rakell.
8:05 of 3rd period - Joel Eriksson Ek is hit by Rickard Rakell and loses puck.
8:21 of 3rd period - Minor Penalty to Justin Schultz for Interference.
8:22 of 3rd period - Tomas Hertl wins face-off versus Barrett Hayton in Toronto Maple Leafs zone.
8:29 of 3rd period - Shot by Erik Karlsson.
8:29 of 3rd period - Shot Misses the Net.
8:31 of 3rd period - Shot by Tomas Hertl.
8:31 of 3rd period - Goal by Tomas Hertl - Florida Panthers : 3 - Toronto Maple Leafs : 4.
8:32 of 3rd period - Blake Coleman wins face-off versus Reilly Smith in neutral zone.
8:59 of 3rd period - Shot by Erik Karlsson.
8:59 of 3rd period - Stopped by Thatcher Demko without a rebound.
9:00 of 3rd period - Steven Stamkos wins face-off versus Nick Suzuki in Toronto Maple Leafs zone.
9:31 of 3rd period - Matt Benning is hit by Steven Stamkos and loses puck.
9:45 of 3rd period - Icing by Justin Schultz.
9:46 of 3rd period - Mika Zibanejad wins face-off versus Nick Suzuki in Toronto Maple Leafs zone.
10:17 of 3rd period - Shot by Brayden Point.
10:17 of 3rd period - Stopped by Connor Hellebuyck without a rebound.
10:18 of 3rd period - Jordan Staal wins face-off versus Blake Coleman in Florida Panthers zone.
11:29 of 3rd period - Minor Penalty to Mika Zibanejad for Hooking.
11:30 of 3rd period - Brayden Point wins face-off versus Jean-Gabriel Pageau in Florida Panthers zone.
12:20 of 3rd period - Shot by Jean-Gabriel Pageau.
12:20 of 3rd period - Deflect By Adrian Kempe.
12:20 of 3rd period - Stopped by Thatcher Demko without a rebound.
12:21 of 3rd period - Barrett Hayton wins face-off versus Jordan Staal in Toronto Maple Leafs zone.
12:46 of 3rd period - Shot by Mats Zuccarello.
12:46 of 3rd period - Stopped by Connor Hellebuyck without a rebound.
12:47 of 3rd period - Brayden Point wins face-off versus Jordan Staal in Florida Panthers zone.
13:10 of 3rd period - Shot by Justin Schultz.
13:10 of 3rd period - Shot Misses the Net.
13:12 of 3rd period - Shot by Alex Pietrangelo.
13:12 of 3rd period - Shot Misses the Net.
13:28 of 3rd period - Shot by Mats Zuccarello.
13:28 of 3rd period - Shot Blocked by Brenden Dillon.
13:46 of 3rd period - Shot by Tomas Hertl.
13:46 of 3rd period - Shot Blocked by Noah Dobson.
13:48 of 3rd period - Shot by Devon Toews.
13:48 of 3rd period - Stopped by Thatcher Demko without a rebound.
13:49 of 3rd period - Blake Coleman wins face-off versus Mika Zibanejad in Toronto Maple Leafs zone.
13:49 of 3rd period - Blake Coleman is hit by Timo Meier.
14:21 of 3rd period - Mathieu Joseph is hit by Roman Josi and loses puck.
14:29 of 3rd period - Minor Penalty to Mika Zibanejad for Holding.
14:30 of 3rd period - Jean-Gabriel Pageau wins face-off versus Brayden Point in Florida Panthers zone.
14:30 of 3rd period - Jean-Gabriel Pageau is hit by Nick Suzuki.
16:06 of 3rd period - Shot by Mats Zuccarello.
16:06 of 3rd period - Stopped by Connor Hellebuyck without a rebound.
16:07 of 3rd period - Jean-Gabriel Pageau wins face-off versus Brayden Point in Florida Panthers zone.
16:07 of 3rd period - Jean-Gabriel Pageau is hit by Brady Tkachuk.
16:20 of 3rd period - Nick Suzuki is hit by Brenden Dillon and loses puck.
16:33 of 3rd period - Shot by Brady Tkachuk.
16:33 of 3rd period - Stopped by Connor Hellebuyck without a rebound.
16:34 of 3rd period - Paul Cotter wins face-off versus Steven Stamkos in Florida Panthers zone.
16:59 of 3rd period - Shot by Danton Heinen.
16:59 of 3rd period - Goal by Danton Heinen - Florida Panthers : 3 - Toronto Maple Leafs : 5.
17:00 of 3rd period - Nick Suzuki wins face-off versus Jean-Gabriel Pageau in neutral zone.
17:11 of 3rd period - Shot by Nick Suzuki.
17:11 of 3rd period - Shot Misses the Net.
17:27 of 3rd period - Shot by Nick Suzuki.
17:27 of 3rd period - Stopped by Connor Hellebuyck without a rebound.
17:28 of 3rd period - Blake Coleman wins face-off versus Steven Stamkos in Florida Panthers zone.
17:53 of 3rd period - Shot by Blake Coleman.
17:53 of 3rd period - Stopped by Connor Hellebuyck without a rebound.
17:54 of 3rd period - Jordan Staal wins face-off versus Brayden Point in Florida Panthers zone.
17:54 of 3rd period - Jordan Staal is hit by Brady Tkachuk.
17:59 of 3rd period - Icing by Reilly Smith.
18:00 of 3rd period - Brayden Point wins face-off versus Jordan Staal in Florida Panthers zone.
18:42 of 3rd period - Icing by Jordan Staal.
18:43 of 3rd period - Nick Suzuki wins face-off versus Jordan Staal in Florida Panthers zone.
18:45 of 3rd period - Rickard Rakell is hit by Erik Karlsson and loses puck.
19:20 of 3rd period - Icing by Reilly Smith.
19:21 of 3rd period - Jordan Staal wins face-off versus Blake Coleman in Florida Panthers zone.
19:35 of 3rd period - Matt Benning is hit by Devon Toews and loses puck.
19:46 of 3rd period - Shot by Mathieu Joseph.
19:46 of 3rd period - Stopped by Connor Hellebuyck with a rebound.
19:48 of 3rd period - Shot by Mathieu Joseph.
19:48 of 3rd period - Shot Misses the Net.
19:56 of 3rd period - Shot by Andrei Kuzmenko.
19:56 of 3rd period - Deflect By Steven Stamkos.
19:56 of 3rd period - Shot Misses the Net.
Goals for this period are 1 for Florida Panthers vs 1 for Toronto Maple Leafs.
Shots for this period are 6 for Florida Panthers vs 16 for Toronto Maple Leafs.